Map: Submarine LE

Players

ViBE - Winner!

  • Race: Protoss Protoss
  • League: Silver
  • Spawn Location: 11:00

tutito

  • Race: Terran Terran
  • League: Silver
  • Spawn Location: 5:00

VOD

Have the link to the VOD?

Description

Time

  • Played on: March 13, 2021, 9:21 p.m.
  • Length: 11:32
Show
View Real Time Build Order
Export as new Build Order

ViBE Protoss - Winner!

Build Orders: 1 Gate Expand 

Get SALT Encoding   

  12  0:00  Probe  
  13  0:12  Probe  
  14  0:21  Pylon  
  14  0:24  Probe  
  15  0:39  Probe  
  16  0:45  Gateway  
  16  0:51  Probe  
  17  1:03  Probe  
  18  1:07  Assimilator  
  18  1:15  Probe  
  19  1:23  Nexus  
  19  1:27  Probe  
  20  1:33  Cybernetics Core  
  20  1:39  Probe  
  21  1:46  Assimilator  
  21  1:54  Pylon  
  21  1:56  Probe  
  22  2:08  Probe  
  22  2:12  Stalker  
  22  2:14  Warp Gate  
  25  2:20  Probe  
  26  2:32  Pylon  
  26  2:33  Probe (Chrono Boost)  
  26  2:35  Probe (Chrono Boost)  
  28  2:42  Stalker  
  32  2:44  Probe (Chrono Boost)  
  32  2:45  Probe (Chrono Boost)  
  32  2:49  Probe (Chrono Boost)  
  32  2:50  Probe (Chrono Boost)  
  34  3:00  Robotics Facility  
  34  3:02  Gateway  
  34  3:09  Probe x2  
  36  3:21  Probe x2  
  36  3:25  Stalker  
  40  3:33  Probe x2, Pylon  
  42  3:53  Probe x2  
  44  3:56  Observer  
  45  4:03  Stalker x2  
  49  4:11  Nexus  
  49  4:14  Probe  
  49  4:15  Probe, Pylon  
  51  4:18  Pylon  
  51  4:26  Probe  
  51  4:27  Probe  
  51  4:30  Assimilator  
  51  4:31  Assimilator  
  53  4:38  Stalker  
  53  4:39  Stalker, Pylon  
  53  4:40  Immortal  
  61  4:48  Probe x2 (Chrono Boost)  
  63  4:54  Probe (Chrono Boost)  
  63  4:55  Probe (Chrono Boost)  
  65  5:05  Probe  
  65  5:06  Probe  
  67  5:12  Stalker  
  67  5:13  Stalker  
  71  5:18  Shield Battery  
  71  5:24  Immortal  
  75  5:30  Probe x2  
  75  5:31  Probe  
  78  5:42  Probe x2  
  80  5:43  Probe  
  80  5:46  Pylon  
  81  5:50  Pylon  
  81  5:57  Probe  
  81  5:58  Probe x2  
  84  6:05  Stalker x2  
  84  6:07  Immortal  
  92  6:15  Twilight Council  
  92  6:17  Forge  
  92  6:18  Forge  
  92  6:22  Gateway  
  92  6:23  Probe x3  
  95  6:26  Gateway  
  95  6:33  Stalker x2  
  95  6:36  Probe x3  
  106  6:47  Immortal  
  106  6:48  Probe x3  
  109  7:00  Nexus  
  109  7:07  Pylon  
  109  7:11  Pylon  
  109  7:18  Probe x2  
  109  7:19  Probe  
  112  7:30  Probe x2  
  112  7:31  Probe  
  112  7:34  Stalker  
  112  7:35  Stalker x2  
  112  7:36  Stalker  
  123  7:37  Immortal, Protoss Shields Level 1 (Chrono Boost), Protoss Ground Weapons Level 1 (Chrono Boost)  
  127  7:45  Pylon  
  127  7:48  Probe x3, Pylon  
  130  7:54  Pylon, Assimilator  
  130  7:55  Assimilator  
  130  8:00  Probe x3  
  133  8:10  Assimilator  
  133  8:12  Probe x2  
  135  8:13  Probe x2  
  135  8:14  Assimilator  
  135  8:17  Stalker  
  135  8:18  Stalker x2  
  135  8:19  Stalker  
  145  8:20  Immortal  
  145  8:24  Probe x2  
  145  8:25  Probe  
  152  8:37  Nexus  
  152  8:38  Robotics Facility  
  152  8:40  Pylon  
  152  8:41  Gateway  
  152  8:43  Pylon, Gateway  
  152  8:44  Gateway  
  152  8:47  Pylon, Gateway  
  152  8:51  Gateway  
  152  8:52  Gateway  
  152  8:55  Gateway  
  152  8:59  Gateway  
  152  9:03  Gateway  
  152  9:06  Gateway  
  152  9:07  Gateway  
  152  9:11  Gateway  
  152  9:16  Gateway  
  152  9:18  Gateway  
  152  9:19  Gateway  
  152  9:20  Stalker  
  152  9:21  Stalker x3  
  152  9:22  Immortal  
  164  9:26  Templar Archives  
  164  9:44  Stalker x2  
  168  9:45  Stalker  
  168  9:46  Stalker x2  
  168  9:47  Stalker  
  176  10:00  Stalker  
  176  10:01  Stalker x2  
  176  10:02  Stalker x2  
  176  10:03  Stalker x2  
  176  10:04  Stalker  
  176  10:05  Stalker x2  
  196  10:08  Stalker x2  
  182  11:04  Nexus  
  182  11:06  Pylon  
  182  11:08  Stalker x2, Pylon  
  182  11:09  Stalker x4  
  182  11:10  Stalker x3  
  182  11:11  Stalker x2  
  198  11:19  Assimilator  
  198  11:21  Assimilator  
Show
View Real Time Build Order
Export as new Build Order

tutito Terran 

Build Orders:  

Get SALT Encoding   

  12  0:14  Supply Depot  
  12  0:23  Supply Depot  
  12  0:32  Supply Depot  
  12  0:35  SCV  
  13  0:51  Refinery  
  13  0:56  Refinery  
  13  1:08  Engineering Bay  
  13  1:10  SCV  
  14  1:22  SCV  
  15  1:34  SCV  
  16  1:45  Barracks  
  16  1:46  SCV  
  17  1:58  SCV  
  18  2:08  Hi-Sec Auto Tracking  
  18  2:10  SCV  
  19  2:23  SCV  
  20  2:33  Barracks Reactor  
  20  2:35  SCV  
  20  2:36  Bunker  
  21  2:47  SCV  
  22  3:01  Factory  
  22  3:11  Missile Turret  
  22  3:15  Marine x2  
  24  3:24  Terran Infantry Weapons Level 1  
  24  3:33  Marine x2  
  26  3:35  Missile Turret  
  26  3:46  Factory Tech Lab  
  26  3:50  Missile Turret  
  26  4:00  Starport  
  26  4:07  Widow Mine  
  28  4:15  Missile Turret  
  28  4:28  Widow Mine  
  30  4:45  Starport Reactor  
  30  4:49  Armory  
  30  4:50  Widow Mine  
  32  4:53  Missile Turret  
  32  5:12  Widow Mine  
  34  5:18  Neosteel Armor  
  34  5:26  Missile Turret  
  34  5:28  Viking x2  
  38  5:48  Marine  
  39  5:58  Supply Depot  
  39  5:59  Supply Depot  
  39  6:00  Terran Ship Weapons Level 1  
  39  6:12  Orbital Command  
  39  6:20  Marine x2  
  41  6:26  Supply Depot  
  41  6:30  Supply Depot  
  41  6:37  Marine  
  42  6:47  Marine  
  43  6:55  Marine  
  43  7:00  Supply Depot  
  44  7:02  Terran Infantry Armor Level 1  
  44  7:05  Marine  
  45  7:13  Marine  
  46  7:23  Marine  
  46  7:27  Supply Depot  
  47  7:31  Marine  
  48  7:41  Marine  
  49  7:45  Bunker  
  49  7:54  Terran Vehicle And Ship Armor Level 1  
  49  8:03  Missile Turret  
  49  8:17  Viking x2  
  53  8:26  Bunker  
  53  8:34  Missile Turret  
  53  8:43  Marine x2  
  53  8:47  Viking  
  57  9:01  Marine  
  58  9:03  Missile Turret  
  58  9:10  Missile Turret  
  58  9:29  Viking  
  58  9:30  Viking  
  62  10:13  Command Center  
  62  10:38  Siege Tank  
Tags
 
Matchup
PvT
Player
ViBE
Spawn Locations
Cross Positions
Add a new tag
Caveats
  • Supply blocks, unpowered buildings, or Contaminate may cause inaccurate times.
  • Supply counts are checked every 10 seconds.